 Dungeon Crawl Stone Soup version 0.27.1-3-gb3d3a73c9e (webtiles) character file.

Game seed: 8342072022503295844

315 pkoi the Slasher (level 6, -4/50 (51) HPs)
             Began as a Minotaur Fighter on Oct 21, 2021.
             Slain by a wight (19 damage)
             ... on level 4 of the Dungeon.
             The game lasted 00:02:25 (3957 turns).

pkoi the Slasher (Minotaur Fighter)                 Turns: 3957, Time: 00:02:25

HP:   -4/50 (51)    AC:  8    Str: 22    XL:     6   Next: 20%
MP:   5/5           EV:  7    Int:  5    God:
Gold: 159           SH: 11    Dex: 10    Spells: 5/5 levels left

rFire    . . .     SeeInvis .   a - +0 long sword
rCold    . . .     Faith    .   c - +1 kite shield
rNeg     . . .     Spirit   .   b - +0 scale mail
rPois    .         Reflect  .   (helmet restricted)
rElec    .         Harm     .   i - +0 cloak
rCorr    .         Rampage  .   (no gloves)
Will     .....                  (no boots)
Stlth    ..........             (no amulet)
HPRegen  0.16/turn              (no ring)
MPRegen  0.09/turn              (no ring)

@: lightly drained
A: horns 2, retaliatory headbutt
a: no special abilities


You were on level 4 of the Dungeon.
You visited 1 branch of the dungeon, and saw 4 of its levels.

You collected 159 gold pieces.

Inventory:

Hand Weapons
 a - a +0 long sword (weapon)
Missiles
 f - 10 poisoned darts (quivered)
Armour
 b - a +0 scale mail (worn)
 c - a +1 kite shield (worn)
 i - a +0 cloak (worn)
Jewellery
 l - a ring of magical power
Wands
 g - a wand of polymorph (9)
Scrolls
 h - a scroll of holy word {unknown}
Potions
 d - a potion of might
 e - 2 potions of lignification
 j - a potion of mutation
 k - a potion of ambrosia


   Skills:
 - Level 3.6 Fighting
 * Level 6.6 Long Blades
 - Level 3.6 Armour
 + Level 5.6 Shields


You had 5 spell levels left.
You didn't know any spells.
Your spell library was empty.

Dungeon Overview and Level Annotations

Branches:
Dungeon (4/15)
 Temple: D:4-7

Altars:


Innate Abilities, Weirdness & Mutations

You have a pair of horns on your head.
You reflexively headbutt those who attack you in melee.


Message History

You hit the goblin.
You kill the goblin!
There is a stone staircase leading up here.
Things that are here:
a +0 club; a goblin corpse You hit the orc wizard but do no damage.
The orc wizard hits you but does no damage. x2
You barely miss the orc wizard. You block the orc wizard's attack.
You slash the orc wizard! You headbutt the orc wizard.
You kill the orc wizard!
You closely miss the wight.
The wight hits you with a +3 great sword.
You barely miss the wight. Your headbutt misses the wight.
The wight hits you but does no damage.
You closely miss the wight.
The wight hits you with a +3 great sword.
You feel drained. The wight hits you but does no damage.
You barely miss the wight. You block the wight's attack.
You slash the wight!
The wight is heavily damaged.
The wight hits you with a +3 great sword.
You barely miss the wight. Your headbutt misses the wight.
The wight is heavily damaged.
The wight barely misses you. You block the wight's attack.
You hit the wight.
The wight is heavily damaged.
The orc priest miscasts a cantrip.
The wight hits you with a +3 great sword!
Your shield and scale mail prevent you from hitting the wight.
The wight is heavily damaged.
The wight hits you with a +3 great sword!
* * * LOW HITPOINT WARNING * * *
You barely miss the wight.
The wight is heavily damaged.
The wight hits you with a +3 great sword!
* * * LOW HITPOINT WARNING * * *
You completely miss the wight.
The wight is heavily damaged.
The wight hits you with a +3 great sword!!
You die...

#.########## #.#
#.....[.#..# #.# ..
...#...#..#.#.#
....#####.#...#..#.#.#
........og.....)..>#.#
...###o#z#.###..###.##
#.#o#.# #.......##
#g#z#.# #(#......###
#.#@#.# #...........
#z#<#.# ###......###
#z###.# #......# #o#
#.# #......# #.# #.#
#......# #.# ########


g.O ... ..... You could see 2 wights, an orc priest, an orc and a goblin.

Vanquished Creatures
  A wight (D:3)
  An orc priest (D:3)
  A hound (D:4)
  Crazy Yiuf (D:3)
  Jessica (D:3)
  2 orc wizards
  5 adders
  2 worms (D:2)
  A dart slug (D:2)
  2 orcs
  6 bats
  7 endoplasms
  5 giant cockroaches
  3 goblins
  3 hobgoblins
  4 jackals (D:1)
  4 quokkas
  3 ball pythons (D:2)
  4 kobolds
  5 rats
61 creatures vanquished.

Notes
Turn   | Place    | Note
-------+----------+-------------------------------------------
     0 | D:1      | pkoi the Minotaur Fighter began the quest for the Orb.
     0 | D:1      | Reached XP level 1. HP: 19/19 MP: 0/0
   208 | D:1      | Reached skill level 3 in Long Blades
   289 | D:1      | Reached XP level 2. HP: 26/26 MP: 1/1
   841 | D:2      | Reached XP level 3. HP: 27/31 MP: 2/2
  1115 | D:2      | Reached skill level 4 in Long Blades
  2066 | D:3      | Found a faded altar of an unknown god.
  2297 | D:3      | Reached XP level 4. HP: 37/39 MP: 3/3
  2328 | D:3      | Found a runed translucent door.
  2329 | D:3      | Noticed Crazy Yiuf
  2493 | D:3      | Noticed Jessica
  2498 | D:3      | Killed Jessica
  2499 | D:3      | Reached skill level 5 in Long Blades
  2575 | D:3      | Reached skill level 5 in Shields
  2575 | D:3      | Reached XP level 5. HP: 11/45 MP: 4/4
  3328 | D:3      | Killed Crazy Yiuf
  3436 | D:4      | Reached skill level 6 in Long Blades
  3543 | D:4      | Noticed an ogre
  3559 | D:3      | HP: 2/45 [wight (5)]
  3561 | D:3      | Reached XP level 6. HP: 3/51 MP: 5/5
  3957 | D:4      | Slain by a wight

Illustrated notes

Levels and vault maps discovered:
D:1:      matt_arrival_spirals, layout_basic, solitary_fountain,
          minmay_fountain_box
D:2:      layout_loops_corners, columned_hall_lemuel
D:3:      layout_basic, ebering_ecumenical_altar_petrified,
          minmay_quadrilaterals, uniq_crazy_yiuf_cottage, uniq_jessica
D:4:      layout_basic, mainiacjoe_overflow_tiny_flanked, serial_park_tiny_1,
          minmay_vboxes, uniq_duvessa, uniq_pikel, uniq_grinder

Skill      XL: |  1  2  3  4  5 |
---------------+----------------+-----
Long Blades    | 3 4 5 6 |  6.6
Shields        | 4 5 |  5.6
Fighting       | |  3.6
Armour         | |  3.6

Action                   |  1- 3 |  4- 6 || total
-------------------------+-------+-------++-------
Melee: Long sword        |    91 |    79 ||   170
       Headbutt          |    14 |    11 ||    25
  Use: Scroll            |     5 |     1 ||     6
       Potion            |     2 |       ||     2
Armor: Scale mail        |    36 |    29 ||    65
Dodge: Dodged            |    33 |    19 ||    52
Block: Kite shield       |    57 |    45 ||   102
       Rpst.: Long sword |     9 |     4 ||    13
